 Dungeon Crawl Stone Soup version 0.30.1-11-g7821555f0a (webtiles) character file.

Game seed: 3760000120506485435

60 H0rd4k the Charlatan (level 4, -1/33 HPs)
             Began as a Human Artificer on Dec 6, 2023.
             Slain by a worm (8 damage)
             ... on level 2 of the Dungeon.
             The game lasted 00:01:27 (1388 turns).

H0rd4k the Charlatan (Human Artificer)              Turns: 1388, Time: 00:01:28

Health: -1/33      AC:  3    Str: 12    XL:     4   Next: 24%
Magic:  4/4        EV: 11    Int: 14    God:
Gold:   84         SH:  0    Dex: 13    Spells: 3/3 levels left

rFire   . . .        j - +0 mace
rCold   . . .        (no shield)
rNeg    . . .        b - +0 leather armour
rPois   .            (no helmet)
rElec   .            (no cloak)
rCorr   +            (no gloves)
SInv    .            (no boots)
Will    .....        (no amulet)
Stlth   +            h - ring of resist corrosion
HPRegen 0.25/turn    (no ring)
MPRegen 0.09/turn

%: no passive effects
@: no status effects
A: no striking features
a: no special abilities


You were on level 2 of the Dungeon.
You visited 1 branch of the dungeon, and saw 2 of its levels.

You collected 84 gold pieces.

Inventory:

Hand Weapons
 j - a +0 mace (weapon)
Armour
 b - a +0 leather armour (worn)
Magical Staves
 m - a staff of earth
Jewellery
 h - a ring of resist corrosion (left hand)
Wands
 c - a wand of flame (15) (quivered)
 d - a wand of charming (12)
 e - a wand of iceblast (5)
Scrolls
 a - a scroll of vulnerability {unknown}
 g - 4 scrolls of identify {unknown}
 n - a scroll of teleportation {unknown}
 o - a scroll of torment {unknown}
Potions
 f - a potion of resistance {unknown}
 i - 2 potions of attraction {unknown}
 k - 2 potions of degeneration {unknown}
 l - 2 potions of might {unknown}


   Skills:
 + Level 2.0 Fighting
 + Level 2.3 Maces & Flails
 - Level 2.0 Armour
 + Level 2.0 Dodging
 - Level 1.0 Stealth
 - Level 3.0 Evocations


You had 3 spell levels left.
You didn't know any spells.
Your spell library was empty.

Dungeon Overview and Level Annotations

Branches:
Dungeon (2/15)

Altars:


Message History

t - Shout!
Orders for allies: a - Attack new target. p - Attack previous target. r - Retreat! s - Stop attacking. g - Guard the area. f - Follow me.
Anything else - Cancel.
Guard this area!
Your endoplasm freezes the worm.
The worm is frozen.
The worm bites your endoplasm!
Your endoplasm dies!
You climb upwards.
There is a stone staircase leading down here.
HP restored.
Done exploring.
You climb downwards.
The worm bites you.
There is a stone staircase leading up here.
You hit the worm.
The worm is lightly wounded.
The worm barely misses you.
You hit the worm but do no damage. The worm bites you!
You hit the worm.
The worm is lightly wounded.
You hit the worm.
The worm is lightly wounded.
The worm bites you.
You hit the worm.
The worm is moderately wounded.
The worm bites you.
You hit the worm.
The worm is heavily wounded.
The worm barely misses you.
You sock the worm!
The worm is severely wounded.
You hit the worm.
The worm is almost dead.
The worm bites you!
* * * LOW HITPOINT WARNING * * *
You hit the worm but do no damage.
The worm is almost dead.
The worm bites you!
You die...

...# .... ...# ...# ...#
...+ .>.######+
#####...# ..........
.......# ..........
#####...?.# ..........
#.........# ..........
#.##w.#+##### ..........
#.#..@.....|.
...######+##...#........
##.######....##.........
...........#.#..........
....####.###............
........>....####.###.##
....########.# .# .#
....# #.. .. . ....# ..#


You could see a worm.

Vanquished Creatures
  An adder (D:2)
  A worm (D:2)
  2 dart slugs
  4 ball pythons (D:1)
  4 endoplasms
  4 goblins
  A hobgoblin (D:1)
  3 bats (D:1)
  8 kobolds
  9 rats
37 creatures vanquished.

Vanquished Creatures (collateral kills)
  An adder (D:2)
1 creature vanquished.

Vanquished Creatures (others)
  An endoplasm (D:2)
1 creature vanquished.

Grand Total: 39 creatures vanquished

Notes
Turn   | Place    | Note
-------+----------+-------------------------------------------
     0 | D:1      | H0rd4k the Human Artificer began the quest for the Orb.
     0 | D:1      | Reached XP level 1. HP: 15/15 MP: 1/1
     9 | D:1      | Noticed an ogre
    97 | D:1      | Reached XP level 2. HP: 20/21 MP: 2/2
   243 | D:1      | Reached skill level 1 in Maces & Flails
   491 | D:1      | Reached XP level 3. HP: 16/26 MP: 3/3
  1166 | D:2      | Reached XP level 4. HP: 29/33 MP: 4/4
  1388 | D:2      | Slain by a worm

Illustrated notes

Levels and vault maps discovered:
D:1:      evilmike_arrival_come_back, layout_basic, minmay_tromino_v2
D:2:      cheibrodos_helix_gallery, layout_basic, minmay_diced_spiral

Skill      XL: |  1  2  3  4 |
---------------+-------------+-----
Maces & Flails | 1 2 |  2.3
Fighting       | 2 |  2.0
Dodging        | 2 |  2.0
Armour         | |  2.0
Stealth        | |  1.0
Evocations     | |  3.0

Action                     |  1- 3 |  4- 6 || total
---------------------------+-------+-------++-------
  Melee: Club              |    73 |       ||    73
         Mace              |    55 |    28 ||    83
  Evoke: Wand              |     1 |     2 ||     3
   Stab: Sleeping          |     3 |       ||     3
 Armour: Leather armour    |    37 |     3 ||    40
  Dodge: Dodged            |    77 |    12 ||    89
